Map: Disco Bloodbath LE

Players

Classic

  • Race: Protoss Protoss
  • Spawn Location: 3:00

herO - Winner!

  • Race: Protoss Protoss
  • Spawn Location: 9:00

Event: 2019 WCS Global FInals

VOD

Have the link to the VOD?

Description

Time

  • Played on: Oct. 26, 2019, 3:56 a.m.
  • Length: 12:53

All games in this series

Show
View Real Time Build Order
Export as new Build Order

Classic Protoss 

Build Orders: 1 Gate Expand, Phoenix Opening 

Get SALT Encoding   

  12  0:00  Probe  
  13  0:12  Probe  
  14  0:18  Pylon  
  14  0:24  Probe  
  15  0:36  Probe (Chrono Boost)  
  15  0:38  Gateway  
  16  0:46  Probe (Chrono Boost)  
  16  0:48  Assimilator  
  17  0:51  Probe (Chrono Boost)  
  18  1:03  Probe  
  19  1:21  Nexus  
  19  1:23  Probe  
  20  1:33  Cybernetics Core  
  20  1:37  Probe  
  21  1:42  Assimilator  
  21  1:49  Probe  
  21  1:52  Pylon  
  22  2:01  Probe  
  23  2:10  Sentry (Chrono Boost)  
  23  2:13  Probe  
  23  2:14  Warp Gate  
  26  2:21  Shield Battery  
  26  2:25  Probe  
  26  2:28  Stalker (Chrono Boost)  
  29  2:32  Pylon  
  29  2:37  Probe  
  29  2:38  Probe  
  30  2:51  Probe x2  
  32  2:54  Stargate  
  32  3:00  Pylon  
  32  3:03  Shield Battery  
  32  3:07  Probe (Chrono Boost)  
  32  3:08  Probe (Chrono Boost)  
  34  3:17  Probe x2 (Chrono Boost)  
  34  3:19  Stalker  
  38  3:22  Probe x2 (Chrono Boost)  
  40  3:34  Probe x2  
  41  3:36  Phoenix (Chrono Boost)  
  44  3:50  Probe x2  
  44  3:54  Phoenix (Chrono Boost)  
  46  3:56  Pylon  
  48  4:05  Stalker  
  48  4:06  Probe x2  
  52  4:13  Phoenix (Chrono Boost)  
  52  4:16  Assimilator  
  54  4:18  Assimilator, Probe x2  
  56  4:31  Probe x2  
  58  4:32  Robotics Facility  
  58  4:36  Pylon  
  58  4:38  Forge  
  58  4:44  Stalker  
  60  4:49  Gateway  
  60  4:50  Gateway  
  60  4:53  Gateway  
  60  4:56  Probe x2  
  62  5:05  Pylon  
  62  5:09  Sentry  
  62  5:11  Protoss Ground Weapons Level 1  
  64  5:14  Twilight Council  
  58  5:27  Pylon  
  58  5:29  Warp Prism  
  58  5:32  Stalker  
  64  5:42  Gateway x2  
  62  5:47  Stalker x3  
  67  5:54  Probe x2  
  67  6:05  Stalker  
  69  6:14  Warp Prism  
  69  6:15  Charge  
  69  6:17  Templar Archives  
  69  6:21  Probe x2 (Chrono Boost)  
  66  6:26  Stalker  
  66  6:27  Stalker  
  70  6:33  Probe x2 (Chrono Boost)  
  72  6:43  Probe x2  
  72  6:46  Pylon  
  73  6:53  Gateway  
  73  6:54  Phoenix  
  73  6:55  Gateway  
  73  7:07  Pylon  
  67  7:08  High Templar x3  
  67  7:10  Probe x2  
  67  7:14  Protoss Ground Weapons Level 2 (Chrono Boost)  
  75  7:24  Probe x2  
  75  7:27  Adept  
  79  7:30  Adept  
  79  7:46  Probe x2  
  78  7:54  Zealot x5  
  88  8:04  Probe x2  
  90  8:17  Probe x2  
  88  8:20  Pylon  
  88  8:21  Pylon  
  88  8:26  Pylon  
  88  8:27  Warp Prism  
  90  8:35  Archon  
  90  8:39  Nexus  
  90  8:40  High Templar x3  
  90  8:41  High Templar  
  94  8:50  Archon x2  
  94  8:53  Pylon  
  94  8:54  Probe x2  
  95  9:11  Probe x2  
  95  9:13  Warp Prism  
  95  9:14  Pylon  
  99  9:23  Probe x2  
  101  9:30  High Templar x3  
  107  9:31  Zealot x4  
  107  9:33  Archon  
  107  9:34  Archon  
  107  9:35  Protoss Ground Weapons Level 3 (Chrono Boost)  
  107  9:36  Zealot x5  
  97  10:08  Zealot x7  
  111  10:14  Stargate  
  69  10:38  High Templar x2  
  69  10:39  Zealot x5  
  73  10:42  Archon  
  73  10:43  Zealot  
  73  10:48  Probe x2  
  73  10:49  Probe  
  78  10:50  Phoenix (Chrono Boost)  
  78  11:04  Phoenix (Chrono Boost)  
  78  11:06  Phoenix  
  80  11:17  High Templar x2  
  80  11:18  Zealot x6  
  86  11:21  Archon  
  86  11:33  Phoenix x2 (Chrono Boost)  
  88  11:43  Zealot x5  
  94  11:50  Pylon, Zealot x2  
  96  11:55  Phoenix x2 (Chrono Boost)  
  99  12:06  Zealot x2  
  99  12:08  Zealot x3  
  103  12:13  Phoenix x2  
  107  12:22  Zealot x2  
  109  12:24  Zealot  
  109  12:28  Zealot  
  109  12:29  Zealot  
  113  12:34  Zealot x2  
  94  12:39  Zealot  
  66  12:47  Zealot x3  
Show
View Real Time Build Order
Export as new Build Order

herO Protoss - Winner!

Build Orders: Oracle Opening, Phoenix Opening, Mass Phoenix 

Get SALT Encoding   

  12  0:00  Probe  
  13  0:12  Probe  
  14  0:16  Pylon  
  14  0:24  Probe (Chrono Boost)  
  16  0:36  Probe (Chrono Boost)  
  16  0:37  Gateway  
  16  0:43  Probe (Chrono Boost)  
  16  0:46  Assimilator  
  17  0:51  Probe  
  17  0:53  Assimilator  
  18  1:03  Probe (Chrono Boost)  
  19  1:06  Gateway  
  19  1:12  Probe (Chrono Boost)  
  19  1:17  Probe (Chrono Boost)  
  20  1:23  Cybernetics Core  
  21  1:29  Probe  
  22  1:34  Pylon  
  22  1:41  Probe  
  24  2:00  Warp Gate, Adept x2  
  28  2:06  Stargate  
  27  2:09  Probe  
  28  2:16  Pylon  
  28  2:41  Nexus  
  28  2:48  Oracle (Chrono Boost)  
  31  2:59  Probe  
  31  3:11  Probe  
  32  3:15  Oracle (Chrono Boost)  
  35  3:22  Robotics Facility  
  35  3:23  Probe  
  36  3:27  Pylon  
  36  3:35  Probe  
  37  3:47  Probe  
  37  3:48  Phoenix  
  40  3:56  Probe (Chrono Boost)  
  40  4:01  Stargate  
  42  4:03  Assimilator, Probe (Chrono Boost)  
  42  4:09  Assimilator  
  43  4:10  Probe (Chrono Boost)  
  43  4:12  Phoenix  
  43  4:15  Probe x2 (Chrono Boost)  
  47  4:24  Probe x2  
  49  4:36  Probe x2  
  50  4:38  Pylon  
  50  4:40  Phoenix (Chrono Boost)  
  50  4:47  Phoenix (Chrono Boost)  
  50  4:48  Probe x2  
  54  5:00  Probe x2  
  54  5:06  Phoenix (Chrono Boost)  
  54  5:07  Phoenix (Chrono Boost)  
  57  5:12  Probe x2  
  56  5:24  Probe x2  
  56  5:27  Phoenix, Pylon  
  60  5:29  Phoenix  
  62  5:36  Probe x2  
  62  5:42  Robotics Facility  
  64  5:53  Phoenix  
  64  5:54  Phoenix  
  64  5:56  Pylon, Probe  
  67  6:06  Robotics Facility  
  67  6:16  Shield Battery  
  67  6:32  Immortal (Chrono Boost)  
  69  6:40  Gateway x2  
  69  6:42  Gateway  
  69  6:43  Sentry x2  
  73  6:48  Gateway x2  
  73  6:49  Gateway  
  73  6:55  Observer  
  78  7:12  Immortal (Chrono Boost), Forge  
  78  7:15  Twilight Council  
  78  7:16  Zealot, Sentry  
  78  7:18  Pylon  
  82  7:24  Warp Prism (Chrono Boost)  
  84  7:44  Immortal  
  85  7:49  Pylon, Protoss Ground Weapons Level 1 (Chrono Boost)  
  87  7:59  Phoenix, Robotics Bay  
  85  8:09  Zealot x2  
  85  8:10  Zealot  
  90  8:18  Blink (Chrono Boost), Nexus  
  90  8:19  Pylon  
  90  8:35  Pylon  
  88  8:42  Stalker  
  88  8:43  Stalker, Disruptor (Chrono Boost)  
  88  8:44  Disruptor (Chrono Boost)  
  98  8:54  Gravitic Drive  
  98  8:55  Stalker  
  100  9:03  Zealot x2  
  104  9:11  Disruptor (Chrono Boost)  
  107  9:20  Disruptor (Chrono Boost)  
  110  9:26  Zealot x3  
  113  9:53  Disruptor (Chrono Boost)  
  113  9:54  Disruptor (Chrono Boost)  
  119  10:01  Stalker x2  
  121  10:07  Stalker, Zealot  
  124  10:14  Pylon x2  
  102  10:33  Stalker x5  
  96  10:57  Stalker x5  
  106  11:23  Stalker x5  
  112  11:52  Stalker x6  
  112  11:54  Zealot  
  124  12:22  Zealot x3  
  126  12:23  Zealot x4  
Tags
 
Add a new tag
Caveats
  • Supply blocks, unpowered buildings, or Contaminate may cause inaccurate times.
  • Supply counts are checked every 10 seconds.